 Dungeon Crawl Stone Soup version 0.31-a0-426-g3a05650e59 (webtiles) character file.

Game seed: 5764471724727074979

17 Ofeo the Charlatan (level 2, 14/19 HPs)
             Began as a Demonspawn Wanderer on July 30, 2023.
             Quit the game on level 1 of the Dungeon.
             The game lasted 00:00:35 (278 turns).

Ofeo the Charlatan (Demonspawn Wanderer)             Turns: 278, Time: 00:00:36

Health: 14/19      AC:  3    Str: 13    XL:     2   Next: 44%
Magic:  4/4        EV: 10    Int: 11    God:
Gold:   48         SH:  0    Dex: 13    Spells: 2/3 levels left

rFire   . . .        a - +0 spear
rCold   . . .        (no shield)
rNeg    . . .        d - +0 leather armour
rPois   .            (helmet restricted)
rElec   .            (no cloak)
rCorr   .            (no gloves)
SInv    .            (no boots)
Will    .....        (no amulet)
Stlth   +            (no ring)
HPRegen 0.23/turn    (no ring)
MPRegen 0.09/turn

%: no passive effects
@: no status effects
A: horns 1
a: no special abilities


You were on level 1 of the Dungeon.
You visited 1 branch of the dungeon, and saw 1 of its levels.

You collected 48 gold pieces.

Inventory:

Hand Weapons
 a - a +0 spear (weapon)
Armour
 d - a +0 leather armour (worn)
Scrolls
 c - a scroll of vulnerability
Potions
 e - a potion of curing {unknown}
Miscellaneous
 b - a piece from Xom's chessboard (6/15) (quivered)


   Skills:
 + Level 2.1 Polearms
 + Level 1.3 Spellcasting
 + Level 2.9 Translocations
 + Level 4.1 Evocations


You had 2 spell levels left.
You knew the following spells:

 Your Spells              Type           Power      Damage    Failure   Level
a - Apportation           Tloc           14%        N/A       12%         1

Your spell library contained the following spells:

 Spells                   Type           Power      Damage    Failure   Level
 Momentum Strike          Conj/Tloc      6%         3d8       32%         2
 Sandblast                Erth           0%         2d4       36%         1
 Passwall                 Tmut/Erth      0%         N/A       52%         2
 Stone Arrow              Conj/Erth      0%         3d7       75%         3
 Iskenderun's Mystic Bla  Conj/Tloc      3%         2d3       91%         4


Dungeon Overview and Level Annotations

Branches:
Dungeon (1/15)

Altars:

Shops:
D:1 !

Annotations:
D:1 1 transporter


Innate Abilities, Weirdness & Mutations

You have a pair of small horns on your head.


Message History

A frilled lizard is nearby!
You reach to attack!
You hit the frilled lizard.
You kill the frilled lizard!
No target in view!
No target in view!
No target in view!
No target in view!
No target in view!
No target in view!
No target in view!
No target in view!
No target in view!
No target in view!
You now have 48 gold pieces (gained 17).
A quokka comes into view.
A quokka is nearby!
A quokka is nearby!
You reach to attack!
You closely miss the quokka. You hit the quokka.
The quokka is heavily wounded.
The quokka bites you.
You take 3 damage, and have 16/19 hp.
You closely miss the quokka.
The quokka is heavily wounded.
The quokka closely misses you. The quokka bites you.
You take 1 damage, and have 15/19 hp.
You hit the quokka.
The quokka is almost dead.
The quokka bites you.
You take 2 damage, and have 13/19 hp.
You closely miss the quokka.
The quokka is almost dead.
The quokka closely misses you.
You closely miss the quokka.
The quokka is almost dead.
The quokka misses you.
You hit the quokka.
You kill the quokka!
No target in view!
Are you sure you want to abandon this character and quit the game? (Confirm with "yes".)

#.##....... #..###
#.##..###.# ##..##.
..##..###.# .......
#.##....... ...
#.##.##..###.. #..
#....##.......
#.#####..#...####.
##†..#...#.....###.
#.@#.#.##.......##.
#................#.
#..######..........
...... ##.....#.#†
..###..#.
####...##.#. #.....
#......##...
#.....##...#..####)
#.....##..##..####.
#.....##©##.#......


There were no monsters in sight!

Vanquished Creatures
  A gnoll (D:1)
  An endoplasm (D:1)
  A giant cockroach (D:1)
  A hobgoblin (D:1)
  A quokka (D:1)
  A frilled lizard (D:1)
  A goblin (D:1)
  A rat (D:1)
8 creatures vanquished.

Notes
Turn   | Place    | Note
-------+----------+-------------------------------------------
     0 | D:1      | Ofeo the Demonspawn Wanderer began the quest for the Orb.
     0 | D:1      | Ofeo set off with the following items: a +0 spear, a piece
                  | from Xom's chessboard (15/15), a scroll of vulnerability, a
                  | +0 leather armour; and the following spell memorised:
                  | Apportation; and the following spells available to
                  | memorise: Momentum Strike, Iskenderun's Mystic Blast.
     0 | D:1      | Reached XP level 1. HP: 13/13 MP: 2/2
     3 | D:1      | Found Saiss's Distillery.
    88 | D:1      | Gained mutation: You have a pair of small horns on your
                  | head. [demonic ancestry]
    88 | D:1      | Reached XP level 2. HP: 3/19 MP: 3/3
   278 | D:1      | Quit the game

Illustrated notes

Levels and vault maps discovered:
D:1:      spicycebolla_arrival_risky_transporter, layout_loops_ring,
          serial_shops, nicolae_shop_industrial_runoff

Skill      XL: |  1 |
---------------+----+-----
Polearms       | 2 |  2.1
Spellcasting   | |  1.3
Translocations | |  2.9
Evocations     | |  4.1

Action                     || total
---------------------------++-------
  Melee: Spear             ||    34
         Headbutt          ||     1
  Evoke: Piece from Xom's  ||     9
   Stab: Paralysed         ||     7
         Petrified         ||     3
 Armour: Leather armour    ||     5
  Dodge: Dodged            ||     5

Table legend: (Time is in decaauts)
 A = Elapsed time spent in this place.
 B = Non-inter-level travel time spent in this place.
 C = Inter-level travel time spent in this place.
 D = Time resting spent in this place.
 E = Time spent auto-exploring this place.
 F = Levels seen in this place.
 G = Mean time per level.
                   A        B        C        D        E       F      G
               +--------+--------+--------+--------+--------+-----+--------+
         Total |    279 |    279 |      0 |     66 |    142 |   1 |  279.0 |
       Dungeon |    279 |    279 |      0 |     66 |    142 |   1 |  279.0 |
               +--------+--------+--------+--------+--------+-----+--------+

Top non-repeatable levels by time:
     D:1: 279 daAuts
